AoeStats
← PomPom

Arabian Desert

516215558Analyzed
1v1 RM · 13d ago on Oct 25, 2026· 66m 46s· 2 players
Game mode
Random Map
Map size
Tiny (2 player)
Population
200
Speed
Normal
Resources
Standard
Victory
Conquest
Starting age
Dark Age
Ending age
Imperial Age
RankedLock teamsTeams togetherTeam positionsShared explorationLock speedFull tech treeHidden civsTurbo modeCheats
Victory
Defeat
🇨🇳 Georgians · China
1946
+10
vs
🇻🇳 Berbers · Vietnam
1814
-10
十大地方
5:53 Loom
8:51 Feudal Age
9:19 Double-Bit Axe
15:42 Wheelbarrow
22:36 Castle Age
20:25 Horse Collar
22:37 Forging
23:17 Bloodlines
22:43 Light Cavalry
24:08 Bow Saw
25:24 Gold Mining
26:48 Iron Casting
27:22 Heavy Plow
31:45 Husbandry
31:52 Scale Barding Armor
32:30 Stone Mining
33:14 Squires
34:18 Hand Cart
33:42 Pikeman
34:25 Scale Mail Armor
36:22 Town Watch
36:54 Chain Mail Armor
40:45 Imperial Age
38:41 Chain Barding Armor
40:56 Fletching
40:45 Halberdier
43:12 Bodkin Arrow
43:30 Padded Archer Armor
44:11 Plate Mail Armor
44:28 Stone Shaft Mining
45:22 Plate Barding Armor
45:50 Bracer
48:21 Blast Furnace
47:23 Padded Archer Armor
47:01 Elite Skirmisher
48:25 Conscription
48:59 Ballistics
49:39 Chemistry
50:38 Chemistry
56:24 Svan Towers
56:55 Guard Tower
57:16 Masonry
56:48 Heavy Cavalry Archer
63:40 Parthian Tactics
62:47 Hussar
64:15 Keep
PomPom
6:38 Loom
9:01 Feudal Age
9:15 Man-at-Arms
13:35 Horse Collar
14:16 Double-Bit Axe
21:39 Bloodlines
24:07 Castle Age
23:30 Gold Mining
24:34 Wheelbarrow
23:46 Town Watch
24:38 Wheelbarrow
24:12 Light Cavalry
26:03 Husbandry
26:21 Bow Saw
26:12 Heavy Plow
26:33 Scale Barding Armor
26:39 Forging
33:38 Hand Cart
34:20 Iron Casting
34:28 Chain Barding Armor
38:09 Scale Mail Armor
38:05 Pikeman
38:46 Squires
41:38 Stone Mining
42:23 Gold Shaft Mining
44:43 Imperial Age
42:53 Chain Mail Armor
42:31 Fletching
43:37 Ballistics
42:51 Long Swordsman
43:46 Padded Archer Armor
43:17 Elite Skirmisher
44:47 Cavalier
46:03 Plate Barding Armor
45:58 Bodkin Arrow
48:03 Blast Furnace
47:32 Bracer
48:03 Plate Mail Armor
46:58 Two-Handed Swordsman
47:24 Arson
49:29 Chemistry
48:46 Guilds
48:38 Capped Ram
49:52 Conscription
49:02 Champion
51:12 Leather Archer Armor
53:40 Masonry
54:57 Conscription
60:13 Hussar
61:57 Ring Archer Armor
Connection lost

Rejoining the realm…

Still unreachable

The connection could not be restored.

Session expired

The server has moved on; the page needs a fresh start.